TOP OF THE 1ST |
Matane Serpents batting - Pitching for Weslaco Chiefs : LHP Sam Olson
|
Pitching: LHP Sam Olson
|
|
Batting: RHB Donovan James
|
0-0: Called Strike 0-1: Foul Ball, location: 2F 0-2: Ball 1-2: Foul Ball, location: 2F 1-2: Foul Ball, location: 2F 1-2: Foul Ball, location: 2F 1-2: Strikes out looking
|
Batting: RHB Wayne Carter
|
0-0: Foul Ball, location: 2F 0-1: Ball 1-1: Foul Ball, location: 2F 1-2: Strikes out swinging
|
Batting: LHB Enrique Cruz
|
0-0: Ball 1-0: Ball 2-0: Foul Ball, location: 2F 2-1: Foul Ball, location: 2F 2-2: Foul Ball, location: 2F 2-2: Fly out, F9 (Flyball, 89M)
|
Top of the 1st over - 0 run(s), 0 hit(s), 0 error(s), 0 left on base; Matane 0 - Weslaco 0 |
BOTTOM OF THE 1ST |
Weslaco Chiefs batting - Pitching for Matane Serpents : RHP Mike Church
|
Pitching: RHP Mike Church
|
|
Batting: LHB Alberto Varela
|
0-0: Called Strike 0-1: Ball 1-1: Ball 2-1: Foul Ball, location: 2F 2-2: Ball 3-2: Foul Ball, location: 2F 3-2: Base on Balls
|
Batting: RHB António Martínez
|
0-0: Called Strike 0-1: Hit by Pitch Alberto Varela to second
|
Batting: RHB Eric Thompson
|
0-0: Called Strike 0-1: Foul Ball, location: 2F 0-2: Ball 1-2: SINGLE (Line Drive, 4MD) Alberto Varela to third António Martínez to second
|
Batting: LHB Jeff Forsyth
|
0-0: Called Strike 0-1: Foul Ball, location: 2F 0-2: Ball 1-2: Ball 2-2: Fly out, F9 (Flyball, 89D) Runner from 3rd tags up, SCORES, no throw
|
Batting: RHB Germán Romero
|
0-0: Called Strike 0-1: Ball 1-1: Swinging Strike 1-2: Strikes out looking
|
Batting: RHB Jorge Longoria
|
0-0: Swinging Strike 0-1: Ball 1-1: Called Strike 1-2: Ball 2-2: Strikes out swinging
|
Bottom of the 1st over - 1 run(s), 1 hit(s), 0 error(s), 2 left on base; Matane 0 - Weslaco 1 |
TOP OF THE 2ND |
Matane Serpents batting - Pitching for Weslaco Chiefs : LHP Sam Olson
|
Batting: LHB John Fitzgerald
|
0-0: Called Strike 0-1: Called Strike 0-2: Ball 1-2: Ball 2-2: Ball 3-2: Ground out 4-3 (Groundball, 4)
|
Batting: LHB Allen Boyd
|
0-0: SINGLE (Flyball, 89S)
|
Batting: RHB Ricardo López
|
0-0: Called Strike 0-1: Fly out, F1 (Flyball, 15)
|
Batting: SHB Scott Cox
|
0-0: Called Strike 0-1: Ball 1-1: Foul Ball, location: 2F 1-2: Ball 2-2: Ball 3-2: Strikes out swinging
|
Top of the 2nd over - 0 run(s), 1 hit(s), 0 error(s), 1 left on base; Matane 0 - Weslaco 1 |
BOTTOM OF THE 2ND |
Weslaco Chiefs batting - Pitching for Matane Serpents : RHP Mike Church
|
Batting: LHB Ángelo Lara
|
0-0: Ground out U3 (Groundball, 3)
|
Batting: LHB Ralph Cobb
|
0-0: Ground out 6-3 (Groundball, 6M)
|
Batting: RHB Ron Newcombe
|
0-0: Called Strike 0-1: Ground out 5-3 (Groundball, 56S)
|
Bottom of the 2nd over - 0 run(s), 0 hit(s), 0 error(s), 0 left on base; Matane 0 - Weslaco 1 |
TOP OF THE 3RD |
Matane Serpents batting - Pitching for Weslaco Chiefs : LHP Sam Olson
|
Batting: RHB Jody Díaz
|
0-0: Swinging Strike 0-1: Swinging Strike 0-2: Ball 1-2: Ball 2-2: Ground out 6-3 (Groundball, 6M)
|
Batting: LHB William Foley
|
0-0: Fly out, F8 (Flyball, 8RM)
|
Batting: RHB Donovan James
|
0-0: Ground out 5-3 (Groundball, 5S)
|
Top of the 3rd over - 0 run(s), 0 hit(s), 0 error(s), 0 left on base; Matane 0 - Weslaco 1 |
BOTTOM OF THE 3RD |
Weslaco Chiefs batting - Pitching for Matane Serpents : RHP Mike Church
|
Batting: LHB Alberto Varela
|
0-0: Ground out 6-3 (Groundball, 6)
|
Batting: RHB António Martínez
|
0-0: Foul Ball, location: 2F 0-1: Swinging Strike 0-2: Hit by Pitch
|
Batting: RHB Eric Thompson
|
0-0: Ball 1-0: Called Strike 1-1: Fly out, F9 (Popup, 4D)
|
Batting: LHB Jeff Forsyth
|
0-0: Ground out 1-3 (Groundball, 2L)
|
Bottom of the 3rd over - 0 run(s), 0 hit(s), 0 error(s), 1 left on base; Matane 0 - Weslaco 1 |
TOP OF THE 4TH |
Matane Serpents batting - Pitching for Weslaco Chiefs : LHP Sam Olson
|
Batting: RHB Wayne Carter
|
0-0: Called Strike 0-1: Swinging Strike 0-2: Ball 1-2: Strikes out swinging
|
Batting: LHB Enrique Cruz
|
0-0: Ball 1-0: Ground out U3 (Groundball, 3S)
|
Batting: LHB John Fitzgerald
|
0-0: Called Strike 0-1: Ball 1-1: Ball 2-1: Foul Ball, location: 2F 2-2: Strikes out looking
|
Top of the 4th over - 0 run(s), 0 hit(s), 0 error(s), 0 left on base; Matane 0 - Weslaco 1 |
BOTTOM OF THE 4TH |
Weslaco Chiefs batting - Pitching for Matane Serpents : RHP Mike Church
|
Batting: RHB Germán Romero
|
0-0: Ball 1-0: Foul Ball, location: 2F 1-1: Foul Ball, location: 2F 1-2: Ball 2-2: Ball 3-2: Ground out 5-3 (Groundball, 56)
|
Batting: RHB Jorge Longoria
|
0-0: Ball 1-0: Swinging Strike 1-1: Fly out, F3 (Popup, 3DF)
|
Batting: LHB Ángelo Lara
|
0-0: Called Strike 0-1: Ball 1-1: Ball 2-1: Ball 3-1: Base on Balls
|
Batting: LHB Ralph Cobb
|
0-0: Ball Ángelo Lara steals 2nd base 1-0: Foul Ball, location: 2F 1-1: Called Strike 1-2: Foul Ball, location: 2F 1-2: Foul Ball, location: 2F 1-2: Reached on error, E3 (Groundball, 3) Ángelo Lara to third
|
Batting: RHB Ron Newcombe
|
0-0: Swinging Strike 0-1: Foul Ball, location: 2F 0-2: Ball 1-2: Foul Ball, location: 2F 1-2: Foul Ball, location: 2F 1-2: Ball 2-2: Ball 3-2: Ground out 5-3 (Groundball, 56)
|
Bottom of the 4th over - 0 run(s), 0 hit(s), 1 error(s), 2 left on base; Matane 0 - Weslaco 1 |
TOP OF THE 5TH |
Matane Serpents batting - Pitching for Weslaco Chiefs : LHP Sam Olson
|
Batting: LHB Allen Boyd
|
0-0: SINGLE (Line Drive, 7LS)
|
Batting: RHB Ricardo López
|
0-0: Ball 1-0: Called Strike 1-1: SINGLE (Groundball, 34D) Allen Boyd to second
|
Batting: SHB Scott Cox
|
0-0: Ball 1-0: Ball 2-0: Ball 3-0: Called Strike 3-1: Foul Ball, location: 2F 3-2: Fielders Choice at 2nd, 6-4 (Groundball, 6M) Allen Boyd to third
|
Batting: RHB Jody Díaz
|
0-0: Foul Ball, location: 2F 0-1: Fielders Choice at 2nd, 6-4 (Groundball, 6) Allen Boyd scores
|
Batting: LHB William Foley
|
0-0: Fly out, F6 (Flyball, 8LS)
|
Top of the 5th over - 1 run(s), 2 hit(s), 0 error(s), 1 left on base; Matane 1 - Weslaco 1 |
BOTTOM OF THE 5TH |
Weslaco Chiefs batting - Pitching for Matane Serpents : RHP Mike Church
|
Batting: LHB Alberto Varela
|
0-0: Ground out 4-3 (Groundball, 4)
|
Batting: RHB António Martínez
|
0-0: SINGLE (Line Drive, 7S)
|
Batting: RHB Eric Thompson
|
0-0: Reached on error, E5 (Groundball, 5S) António Martínez to third
|
Batting: LHB Jeff Forsyth
|
0-0: Ball 1-0: Reached on Error, E8 (Flyball, 8LM) António Martínez scores Eric Thompson to third
|
Batting: RHB Germán Romero
|
0-0: Ball 1-0: Called Strike 1-1: Ball 2-1: Ball 3-1: Foul Ball, location: 2F 3-2: Foul Ball, location: 2F 3-2: Fielders Choice at 2nd, 6-4 (Groundball, 6) Eric Thompson scores
|
Batting: RHB Jorge Longoria
|
0-0: Ball 1-0: SINGLE (Line Drive, 56D) Germán Romero to second
|
Pitching: LHP Don MacKinlay
|
|
Batting: LHB Ángelo Lara
|
0-0: Foul Ball, location: 2F 0-1: Called Strike 0-2: Foul Ball, location: 2F 0-2: Strikes out looking
|
Bottom of the 5th over - 2 run(s), 2 hit(s), 2 error(s), 2 left on base; Matane 1 - Weslaco 3 |
TOP OF THE 6TH |
Matane Serpents batting - Pitching for Weslaco Chiefs : LHP Sam Olson
|
Batting: RHB Donovan James
|
0-0: Foul Ball, location: 2F 0-1: Ball 1-1: Ball 2-1: DOUBLE (Groundball, 5L)
|
Batting: RHB Wayne Carter
|
0-0: Foul Ball, location: 2F 0-1: Called Strike Donovan James is caught stealing 3rd base 0-2: Fly out, F8 (Flyball, 8RM)
|
Batting: LHB Enrique Cruz
|
0-0: Swinging Strike 0-1: Swinging Strike 0-2: Strikes out looking
|
Top of the 6th over - 0 run(s), 1 hit(s), 0 error(s), 0 left on base; Matane 1 - Weslaco 3 |
BOTTOM OF THE 6TH |
Weslaco Chiefs batting - Pitching for Matane Serpents : LHP Don MacKinlay
|
Batting: LHB Ralph Cobb
|
0-0: Called Strike 0-1: Called Strike 0-2: Hit by Pitch
|
Batting: RHB Ron Newcombe
|
0-0: Fly out, F9 (Flyball, 9D)
|
Batting: LHB Alberto Varela
|
0-0: Ball 1-0: Swinging Strike 1-1: Called Strike 1-2: Foul Ball, location: 2F 1-2: Foul Ball, location: 2F 1-2: Strikes out looking
|
Batting: RHB António Martínez
|
0-0: Called Strike 0-1: Ball 1-1: Ball 2-1: Called Strike 2-2: Foul Ball, location: 2F 2-2: Strikes out swinging
|
Bottom of the 6th over - 0 run(s), 0 hit(s), 0 error(s), 1 left on base; Matane 1 - Weslaco 3 |
TOP OF THE 7TH |
Matane Serpents batting - Pitching for Weslaco Chiefs : LHP Sam Olson
|
Batting: LHB John Fitzgerald
|
0-0: Called Strike 0-1: Fly out, F7 (Flyball, 7LS)
|
Batting: LHB Allen Boyd
|
0-0: Ball 1-0: Swinging Strike 1-1: Fly out, F7 (Flyball, 78S)
|
Batting: RHB Ricardo López
|
0-0: Ball 1-0: Fly out, F8 (Flyball, 78M)
|
Top of the 7th over - 0 run(s), 0 hit(s), 0 error(s), 0 left on base; Matane 1 - Weslaco 3 |
BOTTOM OF THE 7TH |
Weslaco Chiefs batting - Pitching for Matane Serpents : LHP Don MacKinlay
|
Batting: RHB Eric Thompson
|
0-0: Ball 1-0: Foul Ball, location: 2F 1-1: Foul Ball, location: 2F 1-2: Foul Ball, location: 2F 1-2: Ball 2-2: Reached on error, E6 (Groundball, 6D)
|
Batting: LHB Jeff Forsyth
|
0-0: Called Strike 0-1: Ball 1-1: Ball 2-1: Swinging Strike 2-2: Strikes out swinging
|
Batting: RHB Germán Romero
|
0-0: Called Strike 0-1: Ball Eric Thompson steals 2nd base 1-1: Called Strike 1-2: Ball 2-2: Strikes out swinging
|
Batting: RHB Jorge Longoria
|
0-0: Called Strike 0-1: Foul Ball, location: 2F 0-2: Strikes out swinging
|
Bottom of the 7th over - 0 run(s), 0 hit(s), 1 error(s), 1 left on base; Matane 1 - Weslaco 3 |
TOP OF THE 8TH |
Matane Serpents batting - Pitching for Weslaco Chiefs : LHP Sam Olson
|
Pitching: RHP Matt Sullivan
|
|
Batting: SHB Scott Cox
|
0-0: Ball 1-0: Ball 2-0: Ball 3-0: Base on Balls
|
Pitching: RHP Nicholas Becker
|
|
Batting: RHB Jody Díaz
|
0-0: Ball 1-0: Swinging Strike 1-1: SINGLE (Groundball, 6MD) Scott Cox to second
|
Pitching: LHP William Bazley
|
|
Pinch Runner at 2nd Liam Mahoney:
|
|
Batting: LHB William Foley
|
0-0: Bunted foul 0-1: Ball 1-1: Sac Bunt - play at first, batter OUT! 1-4 Liam Mahoney to third Jody Díaz to second
|
Pitching: RHP Marc Brooks
|
|
Batting: RHB Donovan James
|
0-0: Ball 1-0: Ball 2-0: Ball 3-0: Base on Balls
|
Batting: RHB Wayne Carter
|
0-0: Foul Ball, location: 2F 0-1: SINGLE (Line Drive, 7S) Liam Mahoney scores Jody Díaz to third Donovan James to second
|
Batting: LHB Enrique Cruz
|
0-0: Swinging Strike 0-1: Called Strike 0-2: Ball 1-2: Ball 2-2: Foul Ball, location: 2F 2-2: Strikes out looking
|
Batting: LHB John Fitzgerald
|
0-0: Ball 1-0: Ball 2-0: Ball 3-0: Called Strike 3-1: SINGLE (Groundball, 25) (infield hit) Jody Díaz scores Donovan James to third Wayne Carter to second
|
Batting: LHB Allen Boyd
|
0-0: Ball 1-0: Ground out 4-3 (Groundball, 4)
|
Top of the 8th over - 2 run(s), 3 hit(s), 0 error(s), 3 left on base; Matane 3 - Weslaco 3 |
BOTTOM OF THE 8TH |
Weslaco Chiefs batting - Pitching for Matane Serpents : LHP Don MacKinlay
|
Pitching: RHP Ben Simpson
|
|
Pinch Hitting: LHB Javier Mejía
|
0-0: Ball 1-0: SINGLE (Line Drive, 9S)
|
Batting: LHB Ralph Cobb
|
0-0: Called Strike 0-1: Swinging Strike 0-2: Foul Ball, location: 2F 0-2: Ball 1-2: 2-RUN HOME RUN (Line Drive, 7D), Distance : 382 ft
|
Pitching: RHP Mark Thompson
|
|
Batting: RHB Ron Newcombe
|
0-0: Ball 1-0: Foul Ball, location: 2F 1-1: Swinging Strike 1-2: Ball 2-2: Foul Ball, location: 2F 2-2: Strikes out swinging
|
Batting: LHB Alberto Varela
|
0-0: Ball 1-0: Fly out, F5 (Popup, 5F)
|
Batting: RHB António Martínez
|
0-0: Called Strike 0-1: Ball 1-1: Swinging Strike 1-2: Fly out, F9 (Flyball, 9LM)
|
Bottom of the 8th over - 2 run(s), 2 hit(s), 0 error(s), 0 left on base; Matane 3 - Weslaco 5 |
TOP OF THE 9TH |
Matane Serpents batting - Pitching for Weslaco Chiefs : RHP Marc Brooks
|
Pitching: RHP Luis Torres
|
|
Now in RF: Javier Mejía
|
|
Batting: RHB Ricardo López
|
0-0: SINGLE (Groundball, 6MD)
|
Batting: RHB Liam Mahoney
|
0-0: Foul Ball, location: 2F 0-1: Ball 1-1: Ball 2-1: Called Strike 2-2: Foul Ball, location: 2F 2-2: Strikes out swinging
|
Batting: RHB Jody Díaz
|
0-0: Ball 1-0: Foul Ball, location: 2F 1-1: Swinging Strike 1-2: Foul Ball, location: 2F 1-2: Foul Ball, location: 2F 1-2: Ball 2-2: Strikes out looking
|
Batting: LHB William Foley
|
0-0: Foul Ball, location: 2F 0-1: Foul Ball, location: 2F 0-2: Ball 1-2: SINGLE (Groundball, 4MD) Ricardo López to second Runner from 2nd tries for 3rd, SAFE, no throw or cutoff
|
Batting: RHB Donovan James
|
0-0: Fielders Choice at 2nd, 5-4 (Groundball, 56)
|
Top of the 9th over - 0 run(s), 2 hit(s), 0 error(s), 1 left on base; Matane 3 - Weslaco 5 |
|